 Dungeon Crawl Stone Soup version 0.24-b1-44-g37ad8b309f (webtiles) character file.

Game seed: 16308724916635907586, levelgen mode: deterministic

714 Emblim88 the Slasher (level 7, -5/55 HPs)
             Began as a Minotaur Monk on Oct 24, 2019.
             Slain by Duvessa
             ... wielding a +0 short sword
              (6 damage)
             ... on level 6 of the Dungeon.
             The game lasted 00:05:35 (3828 turns).

Emblim88 the Slasher (Minotaur Monk)                Turns: 3828, Time: 00:05:36

Health: -5/55      AC: 13    Str: 15 (17) XL:     7   Next: 41%
Magic:  7/7        EV: 11    Int:  5 (7)  God:
Gold:   225        SH:  0    Dex: 10 (13) Spells: 6/6 levels left

rFire    + . .     SeeInvis +   a - +0 falchion
rCold    + . .     Gourm    .   (no shield)
rNeg     . . .     Faith    .   d - +0 scale mail
rPois    +         Spirit   .   (helmet restricted)
rElec    +         Reflect  .   s - +0 cloak
rCorr    +         Harm     .   (no gloves)
MR       .....     Clarity  +   q - +2 pair of boots
Stlth    ..........             (no amulet)
HPRegen  0.18/turn              i - ring of see invisible
MPRegen  0.10/turn              k - ring of wizardry

@: resistant
A: retaliatory headbutt, horns 2, iridescent scales 1, clarity, frail 1, wild
magic 1
a: no special abilities


You were on level 6 of the Dungeon.
You were not hungry.

You visited 1 branch of the dungeon, and saw 6 of its levels.

You collected 225 gold pieces.

Inventory:

Hand Weapons
 a - a +0 falchion (weapon)
Missiles
 j - a throwing net
 x - 3 boomerangs (quivered)
Armour
 d - a +0 scale mail (worn)
 q - a +2 pair of boots (worn)
 s - a +0 cloak (worn)
Jewellery
 i - a ring of see invisible (left hand)
 k - a ring of wizardry (right hand)
Wands
 f - a wand of flame (15)
 t - a wand of disintegration (9)
Scrolls
 b - a scroll of fear {unknown}
 g - 4 scrolls of immolation {unknown}
 h - 3 scrolls of remove curse {unknown}
 m - 3 scrolls of teleportation {unknown}
 o - 6 scrolls of identify {unknown}
 p - 5 scrolls of enchant armour {unknown}
 r - a scroll of random uselessness {unknown}
 u - a scroll of magic mapping {unknown}
 v - a scroll of amnesia {unknown}
Potions
 e - 2 potions of flight
Comestibles
 c - 6 rations


   Skills:
 + Level 5.7 Fighting
 + Level 5.7 Long Blades
 + Level 4.3 Armour
 + Level 5.3 Dodging
 - Level 1.5 Stealth
 + Level 2.4 Evocations


You had 6 spell levels left.
You didn't know any spells.
Your spell library was empty.

Dungeon Overview and Level Annotations

Branches:
Dungeon (6/15)
 Temple: D:4-7

Altars:
Ashenzari

Annotations:
D:6 Dowan, Duvessa


Innate Abilities, Weirdness & Mutations

You reflexively headbutt those who attack you in melee.
You have a pair of horns on your head.
You are partially covered in iridescent scales. (AC +2)
You possess an exceptional clarity of mind.
You are frail. (-10% HP)
Your spells are a little harder to cast, but a little more powerful.


Message History

Duvessa is severely wounded.
The bullfrog skeleton closely misses you.
You riposte.
You slash the bullfrog skeleton!
You destroy the bullfrog skeleton!
Duvessa hits you with a +0 short sword.
* * * LOW HITPOINT WARNING * * *
You barely miss Duvessa.
Duvessa is severely wounded.
Duvessa hits you but does no damage.
You closely miss Duvessa.
Duvessa is severely wounded.
You are no longer glowing.
Dowan points at you and mumbles some strange words.
The puff of frost hits you. You resist.
* * * LOW HITPOINT WARNING * * *
Duvessa closely misses you.
You barely miss Duvessa.
Duvessa is severely wounded.
Dowan hits you but does no damage. Duvessa hits you with a +0 short sword.
You die...

# #)..# # #...#####
...###.. #####........
........ .............
#........ .............
#........ .............
#........ #####....####
#$.. .. #
#.........####.##.# ###
#...#####.Ze@e...?#
..###...# ######.####
........# #.# ..#######
########)###### .####
#......)).....#
....#######.#####.##.##...
....#.......#####.# .#
.......#.......##.# .
.......#.#..##.##.# ##


You could see Duvessa, Dowan and a quokka zombie.

Vanquished Creatures
  Sigmund (D:6)
  An ogre (D:6)
  2 orc priests (D:4)
  A bullfrog skeleton (D:6)
  Ijyb (D:4)
  2 orc wizards (D:4)
  2 worker ants
  9 gnolls
  5 adders
  2 oozes
  4 dart slugs
  A worm (D:3)
  3 leopard geckos
  19 orcs
  11 bats
  5 giant cockroaches
  6 goblins
  5 hobgoblins
  12 kobolds
  3 ball pythons
  3 frilled lizards
  6 rats
104 creatures vanquished.

Notes
Turn   | Place    | Note
-------+----------+-------------------------------------------
     0 | D:1      | Emblim88 the Minotaur Monk began the quest for the Orb.
     0 | D:1      | Reached XP level 1. HP: 19/19 MP: 0/0
    88 | D:1      | Reached XP level 2. HP: 27/27 MP: 1/1
   180 | D:1      | Reached skill level 1 in Armour
   211 | D:1      | You fall into a shaft and drop 1 floor!
   600 | D:1      | Reached XP level 3. HP: 32/33 MP: 2/2
  1809 | D:2      | Reached XP level 4. HP: 26/41 MP: 3/3
  1814 | D:2      | Gained mutation: You are frail. (-10% HP) [potion of
                  | mutation]
  1814 | D:2      | Gained mutation: You possess an exceptional clarity of
                  | mind. [potion of mutation]
  1814 | D:2      | Gained mutation: Your spells are a little harder to cast,
                  | but a little more powerful. [potion of mutation]
  1814 | D:2      | Gained mutation: You are partially covered in iridescent
                  | scales. (AC +2) [potion of mutation]
  2235 | D:3      | Found a shattered altar of Ashenzari.
  2382 | D:3      | Reached XP level 5. HP: 37/42 MP: 4/4
  2658 | D:4      | Reached skill level 1 in Evocations
  2906 | D:4      | Reached skill level 5 in Fighting
  2906 | D:4      | Reached skill level 5 in Long Blades
  2906 | D:4      | Reached XP level 6. HP: 50/50 MP: 4/6
  3144 | D:4      | Noticed Ijyb
  3193 | D:4      | Killed Ijyb
  3501 | D:4      | You fall into a shaft and drop 2 floors!
  3502 | D:6      | Noticed Sigmund
  3531 | D:6      | Killed Sigmund
  3531 | D:6      | Reached skill level 5 in Dodging
  3531 | D:6      | Reached XP level 7. HP: 41/54 MP: 7/7
  3791 | D:5      | Entered Level 5 of the Dungeon
  3791 | D:5      | Noticed Duvessa
  3791 | D:5      | Noticed Dowan
  3827 | D:6      | HP: 1/55 [Dowan/puff of frost (5)]
  3828 | D:6      | Slain by Duvessa

Skill      XL: |  1  2  3  4  5  6 |
---------------+-------------------+-----
Armour         | 1 2 3 4 |  4.3
Fighting       | 4 5 |  5.7
Long Blades    | 4 5 |  5.7
Dodging        | 4 5 |  5.3
Evocations     | 1 2 |  2.4
Stealth        | |  1.5

Action                   |  1- 3 |  4- 6 |  7- 9 || total
-------------------------+-------+-------+-------++-------
Melee: Falchion          |    75 |   170 |    64 ||   309
       Headbutt          |     9 |    30 |    10 ||    49
  Use: Potion            |       |     7 |     3 ||    10
 Stab: Sleeping          |     7 |       |       ||     7
  Eat: Chunk             |     3 |     4 |       ||     7
       Ration            |       |     1 |       ||     1
Armor: Robe              |    10 |       |       ||    10
       Scale mail        |       |    96 |    43 ||   139
       Skin              |       |     7 |       ||     7
Dodge: Dodged            |    46 |   123 |    54 ||   223
       Rpst.: Falchion   |    13 |    30 |    11 ||    54
